 Dungeon Sprint DCSS version 0.29-a0-813-g4a14ea37d6 (webtiles) character file.

Game seed: 2836136755116686052

9995 mhtbhm the Imperceptible (level 11, -1/47 HPs)
             Began as a Spriggan Enchanter on July 4, 2022.
             Was the Champion of Dithmenos.
             Slain by a demonic crawler (8 damage)
             ... in the Dungeon (Sprint I: "Red Sonja").
             The game lasted 00:08:02 (2361 turns).

mhtbhm the Imperceptible (Spriggan Enchanter)       Turns: 2361, Time: 00:08:02

Health: -1/47      AC:  2    Str:  4    XL:     11   Next: 30%
Magic:  7/31       EV: 24    Int: 18    God:    Dithmenos [******]
Gold:   198        SH:  5    Dex: 19    Spells: 27/40 levels left

rFire   . . .      SeeInvis +   a - +0 dagger (flame)
rCold   . . .      Faith    .   (no shield)
rNeg    . . .      Spirit   .   b - +0 robe
rPois   +          Reflect  +   (helmet restricted)
rElec   .          Harm     .   (no cloak)
rCorr   .          Rampage  .   (gloves unavailable)
Will    +....      NoTele   +   (boots unavailable) Stlth ********++
                                p - amulet of reflection
HPRegen 0.15/turn               n - +4 ring of slaying
MPRegen 0.22/turn               m - ring of poison resistance

@: hasted, wreathed by umbra, very quick
A: very small, no large weapons, unfitting armour, see invisible, speed 3
a: Renounce Religion, Shadow Step, Shadow Form


You were in the Dungeon.
You worshipped Dithmenos.
Dithmenos was exalted by your worship.
You visited 1 branch You collected 1555 gold pieces.
You spent 1357 gold pieces at shops.

Inventory:

Hand Weapons
 a - a +0 dagger of flaming (weapon)
Missiles
 k - 4 curare-tipped darts (quivered)
Armour
 b - a +0 robe (worn)
Jewellery
 m - a ring of poison resistance (right hand)
 n - a +4 ring of slaying (left hand)
 p - an amulet of reflection (around neck)
 q - a +4 ring of evasion
Wands
 e - a wand of polymorph (9)
 l - a wand of iceblast (11)
 r - a wand of flame (6)
Scrolls
 i - a scroll of immolation
 j - a scroll of fear
 o - a scroll of summoning
Potions
 c - a potion of invisibility
 d - 2 potions of curing
 g - a potion of magic


   Skills:
 + Level 6.0 Short Blades
 + Level 9.0 Dodging
 + Level 26.0 Stealth
 + Level 1.1 Shields
 + Level 4.3 Unarmed Combat
 * Level 15.0 Spellcasting
 + Level 12.5 Hexes
 + Level 5.0 Transmutations
 + Level 2.3 Ice Magic
 * Level 10.5 Invocations


You had 27 spell levels left.
You knew the following spells:

 Your Spells              Type           Power      Damage    Failure   Level
a - Ensorcelled Hibernat  Hex/Ice        80%        N/A       1%          2
b - Confusing Touch       Hex            55%        N/A       1%          3
c - Tukima's Dance        Hex            55%        N/A       1%          3
d - Dazzling Flash        Conj/Hex       72%        N/A       1%          3
e - Wereblood             Tmut           31%        N/A       1%          2

Your spell library contained the following spells:

 Spells                   Type           Power      Damage    Failure   Level
 Sublimation of Blood     Necr           13%        N/A       7%          2
 Summon Hydra             Summ           6%         N/A       100%        7


Dungeon Overview and Level Annotations

Branches:
Dungeon (1/1)

Altars:
Cheibriados
Dithmenos
Elyvilon
Fedhas
Gozag
Hepliaklqana
Kikubaaqudgha
Makhleb
Nemelex Xobeh
Okawaru
Qazlal
Ru
Sif Muna
Trog
Uskayaw
Vehumet
Wu Jian
Xom
Yredelemnul
Zin
The Shining One
Jiyva
Lugonu

Shops:
D [!???(([==(!!*[[*


Innate Abilities, Weirdness & Mutations

You are very small and have problems with some larger weapons.
You are too small for most types of armour.
You have supernaturally acute eyesight. (SInv)
You cover ground extremely quickly. (Speed+++)


Message History

Casting: Dazzling Flash (safe; 1% risk of failure)
Press: ? - help, Dir - look around, f - activate Unknown command.
Unknown command.
You see here a hog corpse.
Casting: Dazzling Flash (safe; 1% risk of failure)
Confirm with . or Enter, or press ? or * to list all spells.
Okay, then.
You see here a hog corpse.
Casting: Dazzling Flash (safe; 1% risk of failure)
Confirm with . or Enter, or press ? or * to list all spells.
Casting: Dazzling Flash (safe; 1% risk of failure)
Press: ? - help, Dir - look around, f - activate Unknown command.
Unknown command.
You see here a hog corpse.
Casting: Dazzling Flash (safe; 1% risk of failure)
Confirm with . or Enter, or press ? or * to list all spells.
Casting: Dazzling Flash (safe; 1% risk of failure)
Press: ? - help, Dir - look around, f - activate The demonic crawler is dazzled.
Unknown command.
Unknown command.
Unknown command.
You hit the demonic crawler but do no damage.
The demonic crawler misses you. The demonic crawler hits you!
* * * LOW HITPOINT WARNING * * *
You emit a cloud of dark smoke.
The demonic crawler closely misses you.
Unknown command.
You hit the demonic crawler.
The demonic crawler is lightly wounded.
Your shadow completely misses the demonic crawler.
You hit the demonic crawler.
The demonic crawler is lightly wounded.
Your shadow hits the demonic crawler but does no damage.
You see here a hog corpse.
You hit the demonic crawler but do no damage.
The demonic crawler is lightly wounded.
The demonic crawler hits you!
You die...

###########################
.'..)#..#§§§÷'§§@§§§§†.#..+
.#...##§#§####§s§§§##..'..#
##)..'§s#2# ##§§§#######+#
.#####§s§§# ###+#
)#..##'#### §'..#...
)#..#..°. ###'###...
###.'.#..○#


You could see a demonic crawler (blind).

Vanquished Creatures
  A lorocyproca (D)
  2 centaur warriors (D)
  A hydra (D)
  Sonja (D)
  A deep troll (D)
  A lindwurm (D)
  An oklob plant (D)
  A gargoyle (D)
  2 demonic crawlers (D)
  2 unseen horrors (D)
  2 kobold demonologists (D)
  A hornet (D)
  A slime creature (D)
  Sigmund (D)
  A yak (D)
  2 redbacks (D)
  13 hogs (D)
  3 floating eyes (D)
  An ogre (D)
  7 necrophages (D)
  8 jellies (D)
  Ijyb (D)
  A ballistomycete spore (D)
55 creatures vanquished.

Vanquished Creatures (others)
  A ballistomycete spore (D)
1 creature vanquished.

Grand Total: 56 creatures vanquished

Notes
Turn   | Place    | Note
-------+----------+-------------------------------------------
     0 | D        | mhtbhm the Spriggan Enchanter began the quest for the Orb.
     0 | D        | Reached XP level 1. HP: 9/9 MP: 5/5
     4 | D        | Noticed Ijyb
    18 | D        | Noticed an ogre
    32 | D        | Killed an ogre
    33 | D        | Reached skill level 9 in Stealth
    33 | D        | Reached skill level 1 in Unarmed Combat
    33 | D        | Reached XP level 2. HP: 13/13 MP: 6/8
    33 | D        | Reached XP level 3. HP: 16/16 MP: 6/9
    33 | D        | Reached XP level 4. HP: 21/21 MP: 7/11
    45 | D        | Killed Ijyb
    46 | D        | Reached skill level 10 in Stealth
   106 | D        | Learned a level 2 spell: Ensorcelled Hibernation
   110 | D        | Learned a level 3 spell: Confusing Touch
   114 | D        | Learned a level 3 spell: Tukima's Dance
   118 | D        | Learned a level 3 spell: Dazzling Flash
   272 | D        | Noticed Sigmund
   274 | D        | Killed Sigmund
   275 | D        | Reached skill level 13 in Stealth
   275 | D        | Reached XP level 5. HP: 24/24 MP: 12/15
   275 | D        | Reached XP level 6. HP: 28/28 MP: 12/16
   299 | D        | Found an ornate altar of the Wu Jian Council.
   299 | D        | Found a shimmering blue altar of Sif Muna.
   301 | D        | Found a radiant altar of Vehumet.
   306 | D        | Reached skill level 5 in Dodging
   307 | D        | Found Ytwiure's Distillery.
   307 | D        | Found an ancient bone altar of Kikubaaqudgha.
   307 | D        | Found a hazy altar of Hepliaklqana.
   307 | D        | Found a stormy altar of Qazlal.
   307 | D        | Found a hide-covered altar of Uskayaw.
   307 | D        | Found a blossoming altar of Fedhas.
   307 | D        | Found a bloodstained altar of Trog.
   307 | D        | Found an iron altar of Okawaru.
   307 | D        | Found a basalt altar of Yredelemnul.
   307 | D        | Found a glowing golden altar of the Shining One.
   307 | D        | Found a snail-covered altar of Cheibriados.
   307 | D        | Found a sacrificial altar of Ru.
   307 | D        | Found a glowing silver altar of Zin.
   307 | D        | Found a shadowy altar of Dithmenos.
   307 | D        | Found a white marble altar of Elyvilon.
   307 | D        | Noticed a yak
   308 | D        | Found an opulent altar of Gozag.
   309 | D        | Killed a yak
   310 | D        | Reached skill level 15 in Stealth
   310 | D        | Found a sparkling altar of Nemelex Xobeh.
   318 | D        | Became a worshipper of Dithmenos the Shadowed
   325 | D        | Bought a potion of heal wounds for 55 gold pieces
   325 | D        | Bought a potion of heal wounds for 55 gold pieces
   365 | D        | Noticed Sonja
   369 | D        | Killed Sonja
   370 | D        | Reached skill level 17 in Stealth
   370 | D        | Reached skill level 10 in Hexes
   370 | D        | Reached XP level 7. HP: 32/32 MP: 17/20
   385 | D        | Found Niottian's Armour Boutique.
   405 | D        | Noticed a deep troll
   427 | D        | Killed a deep troll
   428 | D        | Reached skill level 18 in Stealth
   428 | D        | Reached skill level 10 in Spellcasting
   428 | D        | Reached skill level 1 in Ice Magic
   428 | D        | Reached skill level 5 in Invocations
   428 | D        | Reached XP level 8. HP: 36/36 MP: 10/23
   448 | D        | Found Vosar's Armour Emporium.
   618 | D        | Learned a level 2 spell: Wereblood
   635 | D        | Found a burning altar of Makhleb.
   635 | D        | Found a viscous altar of Jiyva.
   635 | D        | Found a shimmering altar of Xom.
   635 | D        | Found a corrupted altar of Lugonu.
   635 | D        | Noticed a slime creature
   652 | D        | Killed a slime creature
   652 | D        | Reached * piety under Dithmenos
   653 | D        | Reached skill level 19 in Stealth
   752 | D        | Noticed a kobold demonologist
   753 | D        | Noticed a kobold demonologist
   755 | D        | Killed a kobold demonologist
   756 | D        | Reached skill level 1 in Transmutations
   757 | D        | Reached XP level 9. HP: 39/39 MP: 20/24
   765 | D        | Killed a kobold demonologist
   765 | D        | Reached ** piety under Dithmenos
   766 | D        | Reached skill level 20 in Stealth
   899 | D        | Noticed a centaur warrior
   899 | D        | Noticed a centaur warrior
   905 | D        | Killed a centaur warrior
   906 | D        | Reached skill level 21 in Stealth
   908 | D        | Killed a centaur warrior
   936 | D        | Noticed an oklob plant
   941 | D        | Killed an oklob plant
   941 | D        | Reached *** piety under Dithmenos
   942 | D        | Reached skill level 22 in Stealth
   942 | D        | Reached XP level 10. HP: 44/44 MP: 23/27
  1090 | D        | Reached **** piety under Dithmenos
  1215 | D        | Reached ***** piety under Dithmenos
  1218 | D        | Reached skill level 23 in Stealth
  1295 | D        | Reached ****** piety under Dithmenos
  1320 | D        | Found Naumm's Magic Scroll Shoppe.
  1320 | D        | Found Naptub's Magic Scroll Shop.
  1320 | D        | Found Ihegiwipn's Magic Scroll Boutique.
  1322 | D        | Found Ydibbito's Weapon Emporium.
  1322 | D        | Found Lakuw's Antique Weapon Shop.
  1322 | D        | Found Icytt's Antique Armour Shoppe.
  1322 | D        | Found Wuntal Haman's Jewellery Boutique.
  1322 | D        | Found Maromp's Jewellery Emporium.
  1322 | D        | Found Ytotoeho's Antique Weapon Shop.
  1322 | D        | Found Ihuckui's Distillery.
  1326 | D        | Found Ziafi's Distillery.
  1327 | D        | Found Liradawu's Antique Armour Emporium.
  1327 | D        | Found Liycogomm's Assorted Antiques.
  1328 | D        | Found Dienguxty's Assorted Antiques.
  1329 | D        | Bought an embroidered scarf for 152 gold pieces
  1335 | D        | Bought an embroidered scarf for 176 gold pieces
  1343 | D        | Bought a runed dagger for 80 gold pieces
  1345 | D        | Bought an amulet of reflection for 390 gold pieces
  1918 | D        | Noticed a lindwurm
  1920 | D        | Killed a lindwurm
  1921 | D        | Reached skill level 5 in Short Blades
  2056 | D        | Reached skill level 24 in Stealth
  2067 | D        | Reached XP level 11. HP: 47/47 MP: 30/30
  2072 | D        | Noticed a 12-headed hydra
  2074 | D        | Killed a 12-headed hydra
  2075 | D        | Reached skill level 25 in Stealth
  2075 | D        | Reached skill level 10 in Invocations
  2179 | D        | Bought a scratched coral ring for 105 gold pieces
  2179 | D        | Bought a long silver wand for 84 gold pieces
  2189 | D        | Bought a ring of poison resistance for 260 gold pieces
  2291 | D        | Reached skill level 5 in Transmutations
  2313 | D        | Noticed a lorocyproca
  2315 | D        | HP: 1/47 [lorocyproca (32)]
  2341 | D        | Killed a lorocyproca
  2342 | D        | Reached skill level 1 in Shields
  2342 | D        | Reached skill level 15 in Spellcasting
  2343 | D        | Reached skill level 26 in Stealth
  2361 | D        | Slain by a demonic crawler

Illustrated notes

Levels and vault maps discovered:
D:        dungeon_sprint_1 [red_sonja_temple_1, red_sonja_temple_small_1]

Skill      XL: |  1  2  3  4  5  6  7  8  9 10 11 |
---------------+----------------------------------+-----
Dodging        | 4 5 6 7 8 9 |  9.0
Stealth        | 9 13 17 18 19 22 24 26 | 26.0
Unarmed Combat | 1 2 3 4 |  4.3
Spellcasting   | 4 6 9 10 12 14 15 | 15.0
Hexes          | 6 8 10 11 12 | 12.5
Invocations    | 3 5 6 8 9 10 | 10.5
Ice Magic      | 1 2 |  2.3
Transmutations | 1 3 4 5 |  5.0
Short Blades   | 3 5 6 |  6.0
Shields        | 1 |  1.1

Action                   |  1- 3 |  4- 6 |  7- 9 | 10-12 || total
-------------------------+-------+-------+-------+-------++-------
Melee: Unarmed           |    17 |     9 |       |       ||    26
       Dagger            |     1 |     7 |    26 |    78 ||   112
       Punch             |       |       |       |     1 ||     1
Throw: Dart              |       |       |     1 |       ||     1
 Cast: Ensorcelled Hiber |       |       |     6 |     2 ||     8
       Confusing Touch   |       |       |     4 |     6 ||    10
       Wereblood         |       |       |     2 |     1 ||     3
       Dazzling Flash    |       |       |       |    14 ||    14
Invok: Shadow Step       |       |       |     1 |     1 ||     2
  Use: Potion            |     3 |       |     1 |     5 ||     9
       Scroll            |       |       |       |     4 ||     4
 Stab: Invisible         |     6 |     3 |       |     5 ||    14
       Sleeping          |     1 |     4 |     7 |    32 ||    44
       Confused          |       |       |     5 |     5 ||    10
       Distracted        |       |       |       |     1 ||     1
Armor: Robe              |       |       |       |     4 ||     4
Dodge: Dodged            |    10 |     3 |     5 |    42 ||    60
Block: Other             |       |       |       |    12 ||    12

Table legend: (Time is in decaauts)
 A = Elapsed time spent in this place.
 B = Non-inter-level travel time spent in this place.
 C = Inter-level travel time spent in this place.
 D = Time resting spent in this place.
 E = Time spent auto-exploring this place.
 F = Levels seen in this place.
 G = Mean time per level.
                   A        B        C        D        E       F      G
               +--------+--------+--------+--------+--------+-----+--------+
         Total |   2045 |   2045 |      0 |   1320 |      0 |   1 | 2045.0 |
       Dungeon |   2045 |   2045 |      0 |   1320 |      0 |   1 | 2045.0 |
               +--------+--------+--------+--------+--------+-----+--------+

Top non-repeatable levels by time:
       D: 2045 daAuts
